Map: Prion Terraces

Players

Amiko - Winner!

  • Race: Zerg Zerg

Gracz

  • Race: Protoss Protoss

VOD

Have the link to the VOD?

Description

Time

  • Played on: April 27, 2016, 12:30 p.m.
  • Length: 4:12
Show
View Real Time Build Order
Export as new Build Order

Amiko Zerg - Winner!

Build Orders: Hatch First 

Get SALT Encoding   

  12  0:03  Drone  
  13  0:09  Drone  
  14  0:21  Extractor  
  14  0:22  Drone  
  14  0:23  Extractor, Drone  
  14  0:28  Overlord  
  16  0:56  Hatchery  
  15  0:58  Drone  
  16  1:07  Extractor  
  16  1:08  Drone x2  
  17  1:25  Spawning Pool  
  17  1:29  Drone x2  
  18  1:42  Drone x2  
  20  1:54  Overlord  
  19  2:03  Drone  
  20  2:10  Drone  
  20  2:14  Overlord  
  21  2:17  Metabolic Boost  
  21  2:22  Queen  
  21  2:24  Zergling x2  
  24  2:35  Zergling x2  
  25  2:45  Roach Warren  
  25  2:47  Zergling x2  
  25  2:52  Queen  
  25  2:57  Extractor, Drone  
  28  2:58  Drone  
  28  3:00  Zergling x2  
  29  3:11  Zergling x2  
  30  3:20  Zergling x2  
  31  3:32  Zergling x2  
  32  3:34  Zergling x6  
  35  3:46  Spine Crawler  
  34  3:49  Zergling x6  
Show
View Real Time Build Order
Export as new Build Order

Gracz Protoss 

Build Orders: Cannon Rush 

Get SALT Encoding   

  12  0:02  Probe (Chrono Boost)  
  13  0:27  Pylon  
  13  0:54  Forge  
  13  1:00  Pylon  
  13  1:05  Pylon  
  13  1:15  Probe (Chrono Boost)  
  15  1:25  Probe (Chrono Boost)  
  15  1:30  Photon Cannon  
  15  1:31  Photon Cannon  
  15  1:37  Photon Cannon  
  15  1:52  Photon Cannon  
  15  2:21  Gateway  
  15  3:07  Assimilator  
  15  3:13  Cybernetics Core  
Tags
 
Add a new tag
Caveats
  • Supply blocks, unpowered buildings, or Contaminate may cause inaccurate times.
  • Supply counts are checked every 10 seconds.